Unix NetHack Version 5.0.0-0 post-release - last build May  4 2026 22:22:43 (774f63e81ad911689b3a0859ea89b322d5daca8d,branch:main).

Game began 2026-05-07 12:25:16, ended 2026-05-08 14:04:06.

DiePARTEI, lawful female dwarven Archeologist

                            -------            -----
                            |.....|--     ------...|
                            |.....+.|     |........|
                          --|.....|-|     |.....0..|
                          |.+.....+.|   ----.-------
                          |.|.....|-|  --.0...0.0.|
                          |.|.....+.|  |....0.....|
                          |.|.....|--  |...0.0.0..|
                          |.|------   --------.-----
                          |.|         |........0...|
                          |.|         |.0.0..0.0...|
                          |.|         |----m--------
                          |.|         |0.0.@.0.0.0|
                          |.|         |..........0|
                          |.|         ------.-------
                          |.----------------.......|
                          |.^=^^^^^^^^^^^/^^^.....>|
                          --------------------------
DiePARTEI the Investigator  St:8 Dx:10 Co:14 In:16 Wi:14 Ch:9  Lawful
Dlvl:4  $:313 HP:0(52) Pw:33(33) AC:2  Xp:6 T:5179  Burdened

Latest messages:
 You try to move the boulder, but in vain.
 With great effort you move the boulder.
 With great effort you move the boulder.
 With great effort you move the boulder.
 With great effort you move the boulder.
 You lash the giant mimic.
 You lash the giant mimic.
 You lash the giant mimic.
 You lash the giant mimic.
 The giant mimic hits!
 The giant mimic hits again!
 You lash the giant mimic.
 You hear a door open.
 You lash the giant mimic.
 You lash the giant mimic.
 The giant mimic hits!
 The giant mimic hits again!
 You cannot escape from the giant mimic!
 Are you sure you want to pray? [yn] (n) y
 You begin praying to Quetzalcoatl.
 You are surrounded by a shimmering light.
 The giant mimic loosens its grip slightly.
 You finish your prayer.
 You feel that Quetzalcoatl is well-pleased.
 You feel much better.
 You lash the giant mimic.
 The giant mimic hits!
 The giant mimic hits again!
 What do you want to zap? [qBPTZ or ?*] T
 In what direction? 8
 You cannot escape from the giant mimic!
 The giant mimic hits!
 The giant mimic hits again!
 You lash the giant mimic.
 What do you want to use or apply? [afgqsBHIPQTZ or ?*] Q
 In what direction? 8
 What do you want to throw? [$l or ?*] Y
 In what direction? 8
 The worthless piece of white glass misses the giant mimic.
 You feel yourself slow down a bit.
 The worthless piece of white glass misses the giant mimic.
 You hear a door open.
 You miss the giant mimic.
 The giant mimic hits!
 You die...
 Do you want your possessions identified? [ynq] (y) y
 Do you want to see your attributes? [ynq] (y) y
 Do you want an account of creatures vanquished? [ynaq] (y) y
 Do you want to see your conduct and achievements? [ynq] (y) y
 Do you want to see the dungeon overview? [ynq] (y) y

Inventory:
 Coins    ('$')
  $ - 313 gold pieces
 Amulets  ('"')
  j - an uncursed amulet of magical breathing (being worn)
 Weapons  (')')
  l - 5 +0 darts (at the ready)
  a - a +4 bullwhip (weapon in right hand)
 Armor    ('[')
  O - an uncursed +0 orcish helm (being worn)
  m - an uncursed +1 pair of low boots (being worn)
  D - a cursed -1 dwarvish mithril-coat (being worn)
 Comestibles  ('%')
  K - 3 uncursed carrots
  d - 7 uncursed food rations
  b - an uncursed fortune cookie
  V - an uncursed sprig of wolfsbane
  h - an uncursed tripe ration
 Scrolls  ('?')
  e - an uncursed scroll of blank paper
  o - an uncursed scroll of confuse monster
  J - an uncursed scroll of earth
  L - a cursed scroll of earth
  y - 2 uncursed scrolls of enchant armor
  n - an uncursed scroll of genocide
  i - a cursed scroll of remove curse
 Potions  ('!')
  M - a cursed potion of blindness
  A - an uncursed potion of booze
  x - an uncursed potion of gain ability
  v - an uncursed potion of gain energy
  w - a cursed potion of invisibility
  p - an uncursed potion of speed
 Rings    ('=')
  F - an uncursed ring of conflict
  S - a cursed ring of hunger
  G - an uncursed ring of protection from shape changers
  U - an uncursed ring of teleport control
 Wands    ('/')
  T - a wand of cancellation (0:4)
  P - a wand of digging (0:4)
  B - a wand of magic missile named empty (0:0)
  q - a wand of secret door detection (0:10)
  Z - a wand of speed monster (0:2)
 Tools    ('(')
  s - an uncursed sack containing 2 items
  I - an uncursed blindfold
  Q - an uncursed mirror
  H - an uncursed skeleton key
  f - a tinning kit (0:78)
 Gems/Stones  ('*')
  g - an uncursed touchstone

Contents of the sack:
  1124 gold pieces
  a +0 pick-axe

DiePARTEI the Archeologist's attributes:

Background:
 You were an Investigator, a level 6 female dwarven Archeologist.
 You were lawful, on a mission for Quetzalcoatl
 who was opposed by Camaxtli (neutral) and Huhetotl (chaotic).
 You were right-handed.
 You were in Sokoban, on level 4.
 You entered the dungeon 5179 turns ago.
 You had 547 experience points, 93 more were needed to attain level 7.

Basics:
 You had 0 out of 52 hit points.
 You had all 33 energy points (spell power).
 Your armor class was 2.
 Your wallet contained 313 zorkmids, and
 you had 1124 more stashed away in your pack.
 Autopickup was off.

Final Characteristics:
 Your strength was 8 (peak:15, limit:18/100).
 Your dexterity was 10 (limit:20).
 Your constitution was 14 (limit:20).
 Your intelligence was 16 (limit:16).
 Your wisdom was 14 (limit:16).
 Your charisma was 9 (limit:16).

Final Status:
 You were held by a giant mimic (north).
 You weren't hungry.
 You were burdened; movement was slightly slowed.
 You were wielding a whip.
 You were skilled in whip.

Final Attributes:
 You were piously aligned.
 You were telepathic.
 You had automatic searching.
 You had infravision.
 You were stealthy.
 You could survive without air.
 You were guarded.
 Your spell casting was impaired by metallic armor.
 You were fast.
 You are dead.

Miscellaneous:
 You didn't encounter any bones levels.
 Total elapsed playing time was 49 minutes and 56 seconds.

Major events:
 Turn
    1: DiePARTEI the lawful female dwarven Archeologist entered the dungeon
  651: attained the rank of Field Worker (level 3)
 1232: entered the Gnomish Mines
 1763: reached Mine Town
 3790: entered Sokoban
 4032: attained the rank of Investigator (level 6)
 4128: completed 1st Sokoban level
 4443: completed 2nd Sokoban level
 4757: completed 3rd Sokoban level
 5179: killed by a giant mimic

Spells:
 Name                 Level Category     Fail Retention
 invisibility           4   escape       100%  76%-100%

Skills:
 Fighting Skills
   bare handed combat [Unskilled]
   two weapon combat  [Unskilled]
   riding             [Unskilled]
 Weapon Skills
   dagger             [Unskilled]
   knife              [Unskilled]
   pick-axe           [Basic]
   short sword        [Unskilled]
   saber              [Unskilled]
   club               [Unskilled]
   quarterstaff       [Unskilled]
   sling              [Unskilled]
   dart               [Unskilled]
   boomerang          [Unskilled]
   whip               [Skilled]
   unicorn horn       [Unskilled]
 Spellcasting Skills
   attack spells      [Unskilled]
   healing spells     [Unskilled]
   divination spells  [Unskilled]
   matter spells      [Unskilled]

Voluntary challenges:
 Character rerolling was not enabled.
 You never genocided any monsters.
 You never polymorphed an object.
 You never changed form.
 You used no wishes.
 You did not violate any of the special Sokoban rules.
Achievements:
 You attained the rank of Field Worker.
 You entered the Gnomish Mines.
 You entered Minetown.
 You entered a shop.
 You entered a temple.
 You entered Sokoban.
 You attained the rank of Investigator.

 The Dungeons of Doom: levels 1 to 8
    Level 1:
       An altar.
    Level 2: "minestotheleft"
       An altar.
       Stairs down to The Gnomish Mines.
    Level 3:
    Level 4:
       Many fountains.
    Level 5:
    Level 6:
       A fountain.
    Level 7:
       Many fountains.
    Level 8:
       Stairs up to Sokoban, level 7.
 The Gnomish Mines: levels 3 to 5
    Level 3:
    Level 4:
    Level 5:
       Many shops, a temple and an altar to Quetzalcoatl, some fountains.
 Sokoban: levels 7 up to 4
    Level 4: <- You were here.
       Unsolved.
       Final resting place for
          you, killed by a giant mimic.
    Level 5:
       Solved.
    Level 6:
       Solved.
    Level 7:
       Solved.


Vanquished creatures:
 an orc-captain
  2 giant spiders
  a raven
  2 apes
  a rock piercer
  a fog cloud
  a yellow light
  7 giant ants
  a floating eye
  a homunculus
  a kobold shaman
  5 rothes
  a giant bat
  a werejackal
  2 iguanas
 an acid blob
  2 coyotes
  a hobbit
  a large kobold
  2 giant rats
  a brown mold
  a yellow mold
  a gnome
  5 garter snakes
  a gnome zombie
  8 geckos
  a jackal
  2 kobolds
  a goblin
  2 sewer rats
  9 grid bugs
  3 bats
  4 lichens
  2 kobold zombies
  7 newts
83 creatures vanquished.

No species were genocided or became extinct.

Game over:
                       ----------
                      /          \
                     /    REST    \
                    /      IN      \
                   /     PEACE      \
                  /                  \
                  |    DiePARTEI     |
                  |     1437 Au      |
                  |   killed by a    |
                  |   giant mimic    |
                  |                  |
                  |                  |
                  |       2026       |
                 *|     *  *  *      | *
        _________)/\\_//(\/(/\)/\//\/|_)_______

Goodbye DiePARTEI the Archeologist...

You died in Sokoban on dungeon level 4 with 3902 points,
and 1437 pieces of gold, after 5179 moves.
You were level 6 with a maximum of 52 hit points when you died.

